 Dungeon Crawl Stone Soup version 0.32-a0-12-g7fc57aa741 (webtiles) character file.

Game seed: 8683060552950809487

3404 anacleto the Mimic (level 9, -7/85 HPs)
             Began as a Troll Shapeshifter on Jan 15, 2024.
             Was a Follower of the Shining One.
             Mangled by an orc warrior
             ... wielding a +0 war axe
              (15 damage)
             ... in a bailey.
             The game lasted 00:16:47 (5487 turns).

anacleto the Mimic (Troll Shapeshifter)             Turns: 5487, Time: 00:16:49

Health: -7/85      AC:  6    Str: 28    XL:     9   Next: 75%
Magic:  9/9        EV: 11    Int:  6    God:    the Shining One [*.....]
Gold:   819        SH:  0    Dex: 15    Spells: 8/8 levels left

rFire   . . .        D - +8 mithril axe "Arga" {speed, Will+}
rCold   + . .        (no shield)
rNeg    . . .        i - +2 robe {rC+}
rPois   .            (helmet currently unavailable)
rElec   .            (cloak currently unavailable)
rCorr   +            (gloves unavailable)
SInv    .            (boots unavailable)
Will    +....        t - amulet "Medount" {Faith Rampage}
Stlth   +            k - ring of resist corrosion
HPRegen 1.14/turn    A - +6 ring of dexterity
MPRegen 0.11/turn

%: rampage, faith
@: beast-form, marked, glowing
A: beast (slay +4), large, unfitting armour, claws 3, regeneration 1, shaggy fur
1, tough skin 1
a: Begin Untransformation, Renounce Religion, Divine Shield


You were in a bailey.
You worshipped the Shining One.
The Shining One was aware of your devotion.
You were a hulking beast.
You visited 1 branch of the dungeon, and saw 7 of its levels.
You also visited: Bailey.

You collected 819 gold pieces.

Inventory:

Hand Weapons
 D - the +8 mithril axe "Arga" (weapon) {speed, Will+}
   (You found it on level 7 of the Dungeon)

   Will+:     It increases your willpower.
Missiles
 g - 9 atropa-tipped darts
 p - 6 poisoned darts
 s - 6 javelins
 w - 4 large rocks
 E - 7 boomerangs (quivered)
Armour
 i - a +2 robe of cold resistance (worn)
Jewellery
 k - a ring of resist corrosion (left claw)
 t - the amulet "Medount" (around neck) {Faith Rampage}
   (You acquired it on level 7 of the Dungeon)

   [amulet of faith]

   Faith:     It allows you to gain divine favour quickly.
   Rampage:   It bestows one free step when moving towards enemies.
 u - a ring of positive energy
 A - a +6 ring of dexterity (right claw)
Talismans
 c - a beast talisman (active)
 d - a flux talisman
Wands
 x - a wand of mindburst (14)
Scrolls
 a - a scroll of summoning
 b - 2 scrolls of brand weapon
 e - 2 scrolls of immolation
 j - 3 scrolls of noise
 o - 2 scrolls of enchant armour
 q - a scroll of enchant weapon
 y - a scroll of amnesia
 B - a scroll of vulnerability
 C - a scroll of blinking {unknown}
Potions
 f - a potion of attraction {unknown}
 h - a potion of degeneration {unknown}
 l - 2 potions of heal wounds
 m - a potion of resistance {unknown}
 n - a potion of magic {unknown}
 r - 2 potions of curing
 v - 2 potions of ambrosia
 z - 2 potions of brilliance {unknown}


   Skills:
 + Level 4.5 Fighting
 + Level 5.0 Throwing
 + Level 4.6 Dodging
 + Level 6.0 Unarmed Combat
 + Level 2.2 Invocations
 * Level 8.1 Shapeshifting


You had 8 spell levels left.
You didn't know any spells.
Your spell library contained the following spells:

 Spells                   Type           Power      Damage    Failure   Level
 Volatile Blastmotes      Fire/Tloc      0%         2d10      83%         3
 Fulminant Prism          Conj/Alch      0%         3d5       99%         4
 Iskenderun's Mystic Bla  Conj/Tloc      0%         2d3       99%         4


Dungeon Overview and Level Annotations

Branches:
Dungeon (7/15)             Temple (0/1) D:7          Bailey (1/1)

Altars:
Cheibriados
Fedhas
Gozag
Kikubaaqudgha
Xom
Yredelemnul
The Shining One


Innate Abilities, Weirdness & Mutations

You are a hulking beast.
Your limbs bulge with bestial killing power. (Slay +4)
You are too large for most types of armour.
You have claws for hands.
Your natural rate of healing is unusually fast.
You are covered in fur. (AC +1)
You have tough skin. (AC +1)


Message History

You kill the goblin!
Things that are here:
a +0 war axe; a +0 leather armour The orc warrior hits you with a +0 hand axe.
You barely miss the orc warrior. The orc warrior misses you.
You slice the orc warrior!!
The orc warrior is severely wounded.
An orc warrior comes into view. It is wielding a +0 war axe.
The orc warrior hits you with a +0 hand axe.
You barely miss the orc warrior.
The orc warrior is severely wounded.
You barely miss the kobold. The kobold barely misses you.
The orc warrior hits you with a +0 hand axe.
The kobold hits you but does no damage.
You slash the orc warrior!
You kill the orc warrior!
You hit the kobold.
You kill the kobold!
You barely miss the orc warrior.
The orc warrior hits you with a +0 war axe!
You hit the orc warrior.
The orc warrior is lightly wounded.
You slash the goblin!
You kill the goblin!
The orc warrior barely misses you.
You slash the orc warrior!
You claw the orc warrior, but do no damage.
The orc warrior is heavily wounded.
A hobgoblin comes into view. It is wielding a +0 hand axe.
The orc warrior hits you with a +0 war axe!
* * * LOW HITPOINT WARNING * * *
The orc warrior hits you with a +0 war axe!
* * * LOW HITPOINT WARNING * * *
As you read the scroll of summoning, it crumbles to dust.
Wisps of shadow whirl around you...
The orc warrior hits you with a +0 war axe.
* * * LOW HITPOINT WARNING * * *
The orc warrior hits your orc with a +0 war axe.
The orc warrior hits you with a +0 war axe!
You die...

#≈≈≈≈≈≈≈≈≈≈≈≈≈≈.......##
≈≈≈≈#########≈≈≈≈.......##
≈≈≈∩#...goo.#∩≈≈≈≈≈≈~....##
≈##
#...K.o.####[≈≈~≈≈≈≈≈≈≈#
.#.
####'####..#...)..≈≈≈≈≈≈
... .o..###......####
##))')#.....###
#()###g......##
#.(#hog.⌠.....#
##'#oog.o....##
######..g.o.o....##
g........o.o.g####
#.#############


You could see 3 orc warriors, a hobgoblin, 4 friendly gnolls and 5 friendly
orcs.

Vanquished Creatures
  4 yaks (D:5)
  Menkaure (D:6)
  An ice beast (D:7)
  7 orc warriors
  A sky beast (D:7)
  5 phantoms
  A kobold brigand (D:7)
  3 scorpions
  3 wights (D:6)
  5 killer bees
  A bombardier beetle (D:4)
  7 hounds
  A jelly (D:4)
  4 orc priests
  3 sleepcaps
  5 orc wizards
  Natasha (twice) (D:3)
  2 iguanas
  A gnoll (Bailey)
  7 adders
  A white imp (D:5)
  2 ufetubi (D:5)
  2 dart slugs
  19 orcs
  6 bats
  4 endoplasms
  A giant cockroach (D:1)
  10 goblins
  9 hobgoblins
  4 jackals (D:1)
  21 kobolds
  3 quokkas
  4 ball pythons
  5 frilled lizards
  3 rats (D:3)
158 creatures vanquished.

Notes
Turn   | Place    | Note
-------+----------+-------------------------------------------
     0 | D:1      | anacleto the Troll Shapeshifter began the quest for the
                  | Orb.
     0 | D:1      | Reached XP level 1. HP: 18/18 MP: 0/0
   116 | D:1      | Reached XP level 2. HP: 26/26 MP: 1/1
   266 | D:1      | Found a faded altar of an unknown god.
   581 | D:1      | Reached skill level 1 in Throwing
   704 | D:2      | Reached XP level 3. HP: 32/32 MP: 2/2
   954 | D:2      | Reached skill level 4 in Shapeshifting
  1090 | D:2      | Reached skill level 1 in Fighting
  1417 | D:3      | Reached XP level 4. HP: 41/41 MP: 3/3
  1455 | D:3      | Found a blossoming altar of Fedhas.
  1574 | D:3      | Noticed Natasha
  1583 | D:3      | Killed Natasha
  1672 | D:3      | Reached XP level 5. HP: 48/48 MP: 4/4
  1801 | D:3      | Noticed Natasha
  1806 | D:3      | Killed Natasha
  2110 | D:4      | Noticed a phantom
  2124 | D:4      | Killed a phantom
  2143 | D:4      | Noticed an orc warrior
  2152 | D:4      | Killed an orc warrior
  2153 | D:4      | Reached skill level 5 in Shapeshifting
  2153 | D:4      | Reached XP level 6. HP: 40/57 MP: 5/5
  2257 | D:4      | Found an opulent altar of Gozag.
  2449 | D:4      | Reached XP level 7. HP: 61/65 MP: 6/6
  2869 | D:5      | Entered Level 5 of the Dungeon
  2913 | D:5      | Noticed a yak
  2913 | D:5      | Noticed a yak
  2915 | D:5      | Noticed a yak
  2916 | D:5      | Noticed a yak
  2965 | D:5      | Found an ancient bone altar of Kikubaaqudgha.
  2977 | D:5      | Found a glowing golden altar of the Shining One.
  2985 | D:5      | Became a worshipper of the Shining One
  3592 | D:5      | Reached skill level 6 in Shapeshifting
  3705 | D:5      | Reached XP level 8. HP: 72/74 MP: 7/7
  3825 | D:5      | Reached skill level 5 in Unarmed Combat
  4086 | D:6      | Reached * piety under the Shining One
  4097 | D:6      | Reached skill level 7 in Shapeshifting
  4187 | D:6      | Noticed Menkaure
  4194 | D:6      | Killed Menkaure
  4276 | D:5      | Reached XP level 9. HP: 73/84 MP: 8/8
  5003 | D:7      | Reached skill level 1 in Invocations
  5015 | D:7      | Identified a scroll of acquirement
  5015 | D:7      | Acquired the amulet "Medount" {Faith Rampage}
  5117 | D:7      | Found a shimmering altar of Xom.
  5120 | D:7      | Found a basalt altar of Yredelemnul.
  5130 | D:7      | Found a staircase to the Ecumenical Temple.
  5222 | D:7      | Found a snail-covered altar of Cheibriados.
  5259 | D:7      | Found a flagged portal.
  5260 | D:7      | Found the +8 mithril axe "Arga" {speed, Will+}
  5271 | Bailey   | Entered a bailey
  5466 | Bailey   | Reached skill level 8 in Shapeshifting
  5470 | Bailey   | Reached skill level 5 in Throwing
  5487 | Bailey   | Mangled by an orc warrior

Illustrated notes

Levels and vault maps discovered:
D:1:      dpeg_arrival_pond, layout_basic,
          dreamdust_ecumenical_altar_hidden_monk_grotto
D:2:      minmay_inner_zag, layout_basic
D:3:      layout_basic, fedhas_ov_isle_minmay, minmay_misc_feat_pillars,
          nicolae_kite_square_tiling_tiny, uniq_natasha
D:4:      layout_loops_ring, mainiacjoe_overflow_alcove_2
D:5:      layout_cave_pods, grunt_temple_overflow_open, guppyfry_early_orc_mine
D:6:      layout_cave_pools, uniq_menkaure
D:7:      layout_rooms, kennysheep_slug_shrine, amcnicky_altar_gilded,
          xom_butterflies, minmay_temple_entry_statues_fountains,
          enter_bailey_2, chequers_serial_rivers_room_b,
          nicolae_nh_ransacked_shop
Bailey:   bailey_axe_4, bailey

Skill      XL: |  1  2  3  4  5  6  7  8  9 |
---------------+----------------------------+-----
Throwing       | 1 2 3 4 5 |  5.0
Shapeshifting  | 4 5 6 7 8 |  8.1
Fighting       | 1 2 3 4 |  4.5
Dodging        | 2 3 4 |  4.6
Unarmed Combat | 4 5 6 |  6.0
Invocations    | 2 |  2.2

Action                     |  1- 3 |  4- 6 |  7- 9 || total
---------------------------+-------+-------+-------++-------
  Melee: Unarmed           |    91 |    82 |   185 ||   358
         Punch             |       |     1 |     9 ||    10
         Broad axe         |       |       |    34 ||    34
  Throw: Dart              |       |     4 |     7 ||    11
         Boomerang         |       |       |    15 ||    15
Ability: Begin Untransform |     1 |       |     1 ||     2
    Use: Scroll            |       |       |    18 ||    18
         Potion            |       |       |     2 ||     2
   Stab: Sleeping          |     1 |     1 |       ||     2
         Invisible         |       |     1 |       ||     1
 Armour: Animal skin       |    33 |       |       ||    33
         Robe              |    47 |    47 |   199 ||   293
         Skin              |       |       |    26 ||    26
  Dodge: Dodged            |    55 |    27 |    97 ||   179
   Form: Beast             |     1 |       |     1 ||     2

Table legend: (Time is in decaauts)
 A = Elapsed time spent in this place.
 B = Non-inter-level travel time spent in this place.
 C = Inter-level travel time spent in this place.
 D = Time resting spent in this place.
 E = Time spent auto-exploring this place.
 F = Levels seen in this place.
 G = Mean time per level.
                   A        B        C        D        E       F      G
               +--------+--------+--------+--------+--------+-----+--------+
         Total |   5478 |   5235 |    243 |    525 |   3008 |   8 |  684.8 |
       Dungeon |   5259 |   5016 |    243 |    493 |   3008 |   7 |  751.3 |
        Bailey |    218 |    218 |      0 |     32 |      0 |   1 |  218.0 |
               +--------+--------+--------+--------+--------+-----+--------+

Top non-repeatable levels by time:
     D:5: 1373 daAuts
     D:4: 926 daAuts
     D:3: 785 daAuts
     D:1: 680 daAuts
     D:2: 646 daAuts
     D:6: 576 daAuts
     D:7: 270 daAuts
  Bailey: 218 daAuts
